 Dungeon Crawl Stone Soup version 0.27-a0-906-g0a00ce8 (webtiles) character file.

Game seed: 17235803860762707862

104 Nithhogg the Skirmisher (level 4, -5/35 HPs)
             Began as a Demonspawn Fighter on Apr 7, 2021.
             Killed from afar by Sigmund (6 damage)
             ... with a puff of flame
             ... on level 3 of the Dungeon.
             The game lasted 00:03:41 (2489 turns).

Nithhogg the Skirmisher (Demonspawn Fighter)        Turns: 2489, Time: 00:03:41

Health: -5/35      AC:  6    Str: 17    XL:     4   Next: 52%
Magic:  5/5        EV:  7    Int: 10    God:
Gold:   147        SH:  9    Dex: 12    Spells: 3/3 levels left

rFire    . . .     SeeInvis .   h - +0 falchion
rCold    . . .     Faith    .   c - +0 kite shield
rNeg     . . .     Spirit   .   b - +0 scale mail
rPois    .         Reflect  .   (no helmet)
rElec    .         Harm     .   (no cloak)
rCorr    .         Rampage  .   (no gloves)
Will     .....                  (no boots)
Stlth    ..........             (no amulet)
HPRegen  0.11/turn              (no ring)
MPRegen  0.09/turn              (no ring)

@: mighty
A: talons 2
a: no special abilities


You were on level 3 of the Dungeon.
You visited 1 branch of the dungeon, and saw 3 of its levels.

You collected 147 gold pieces.

Inventory:

Hand Weapons
 h - a +0 falchion (weapon)
Armour
 b - a +0 scale mail (worn)
 c - a +0 kite shield (worn)
Scrolls
 a - a scroll of fear {unknown}
 e - a scroll of enchant weapon {unknown}
 g - 3 scrolls of identify {unknown}


   Skills:
 + Level 3.5 Fighting
 + Level 2.5 Long Blades
 + Level 3.2 Armour
 + Level 1.2 Dodging
 + Level 3.0 Shields
 + Level 1.7 Invocations


You had 3 spell levels left.
You didn't know any spells.
Your spell library was empty.

Dungeon Overview and Level Annotations

Branches:
Dungeon (3/15)

Altars:

Shops:
D:1 [   D:2 !

Annotations:
D:3 Sigmund


Innate Abilities, Weirdness & Mutations

You have razor-sharp toenails.


Message History

a +0 club; a goblin skeleton
Items here: )) [ รท.
You feel very mighty all of a sudden. Sigmund hits you but does no damage.
You closely miss Sigmund.
Sigmund drinks a potion.
Sigmund flickers and vanishes!
Deactivating autopickup; reactivate with Ctrl-A.
You miss something. Something hits you. Something hits you!
Your shield and scale mail prevent you from hitting something.
You hear some strange, mumbled words.
A magic dart appears from out of thin air!
The magic dart hits you.
You miss something. You claw something. You block something's attack.
You closely miss something. You claw something!
You hear some strange, mumbled words.
Something tries to affect you, but you resist.
Something hits you but does no damage.
You closely miss something. Something completely misses you.
You barely miss something. Your kick misses something.
Something hits you but does no damage. Something hits you!
You miss something. Your kick misses something. Something hits you.
You closely miss something. Your kick misses something.
Something hits you but does no damage. x2
You miss something. You claw something.
You hear some strange, mumbled words.
Something tries to affect you, but you resist.
You closely miss something. Something hits you!
* * * LOW HITPOINT WARNING * * *
You feel much better. Something completely misses you.
You barely miss something. You claw something.
Something hits you but does no damage. Something hits you.
You miss something. Your kick misses something. Something hits you.
* * * LOW HITPOINT WARNING * * *
You miss something. Your kick misses something. Something hits you.
* * * LOW HITPOINT WARNING * * *
You barely miss something.
Sigmund appears from thin air!
Reactivating autopickup.
Sigmund casts a spell at you. The puff of flame hits you.
You die...

#####........## #.#.#.#.#.#.#
#.....#.##.#... ...........###
#.............. .#.#.#.#.#....
#.......#...... ........>...##.
................
#.#.#.#.#.#.###
##.....#........ ............#
#######...#...####.#.#.#.#.#.##
#.#...#..#..............#
#.......@@[#.#.#.#.#.#..##
...#####..................
#...######<)....#.........
#...........#.....#....##.
#...#......###...###......
#.......#..#..#.......
##.......).............
.........(.............
##................##...


You could see Sigmund.

Vanquished Creatures
  An orc wizard (D:3)
  An adder (D:2)
  A worm (D:3)
  3 orcs (D:3)
  8 endoplasms
  3 giant cockroaches (D:2)
  4 goblins
  5 hobgoblins
  2 jackals
  7 ball pythons
  7 bats
  5 frilled lizards
  6 kobolds
  8 rats
61 creatures vanquished.

Notes
Turn   | Place    | Note
-------+----------+-------------------------------------------
     0 | D:1      | Nithhogg the Demonspawn Fighter began the quest for the
                  | Orb.
     0 | D:1      | Reached XP level 1. HP: 18/18 MP: 1/1
   102 | D:1      | Found Banol's Armour Shop.
   310 | D:1      | Gained mutation: You have sharp toenails. [demonic
                  | ancestry]
   310 | D:1      | Reached XP level 2. HP: 23/24 MP: 2/2
  1110 | D:2      | Found Dooth's Distillery.
  1154 | D:1      | Reached skill level 1 in Invocations
  1362 | D:2      | Gained mutation: You have razor-sharp toenails. [demonic
                  | ancestry]
  1362 | D:2      | Reached XP level 3. HP: 27/29 MP: 3/3
  1546 | D:2      | Reached skill level 1 in Dodging
  1769 | D:3      | Noticed Sigmund
  2039 | D:3      | Reached XP level 4. HP: 32/35 MP: 5/5
  2484 | D:3      | HP: 1/35 [something (10)]
  2489 | D:3      | Killed from afar by Sigmund

Illustrated notes

Levels and vault maps discovered:
D:1:      sevenhm_arrival_forest_fort_small_6, layout_rooms,
          serial_co_window_serial, co_window_paths_a, co_window_corner_a,
          co_window_corner_a, co_window_of_opportunity_a,
          co_window_of_opportunity_a, co_window_corner_a, co_window_paths_b,
          co_window_corner_cb, co_window_unsneaky_path_d, co_window_corner_ca,
          co_window_broadway_c, co_window_2corner, co_window_4corner_b,
          glass_columns_a, glass_columns_c, glass_columns_a, glass_columns_b,
          serial_shops, shop
D:2:      layout_rooms, serial_shops, shop
D:3:      layout_rooms, shapermc_ecumenical_altar_venn,
          amcnicky_mini_pool_small, minmay_strange_pillars, minivault_5,
          st_stairs_11, chequers_decorated_corner, uniq_sigmund

Skill      XL: |  1  2  3  4 |
---------------+-------------+-----
Long Blades    | 2 |  2.5
Armour         | 3 |  3.2
Invocations    | 1 |  1.7
Dodging        | 1 |  1.2
Shields        | 3 |  3.0
Fighting       | |  3.5

Action                   |  1- 3 |  4- 6 || total
-------------------------+-------+-------++-------
Melee: Long sword        |    85 |       ||    85
       Kick              |    24 |     8 ||    32
       Falchion          |    37 |    37 ||    74
  Use: Potion            |       |     3 ||     3
Armor: Scale mail        |    63 |    27 ||    90
Dodge: Dodged            |    41 |    12 ||    53
Block: Kite shield       |    72 |     6 ||    78
       Rpst.: Long sword |     9 |       ||     9
       Falchion          |     2 |     1 ||     3

Table legend: (Time is in decaauts)
 A = Elapsed time spent in this place.
 B = Non-inter-level travel time spent in this place.
 C = Inter-level travel time spent in this place.
 D = Time resting spent in this place.
 E = Time spent auto-exploring this place.
 F = Levels seen in this place.
 G = Mean time per level.
                   A        B        C        D        E       F      G
               +--------+--------+--------+--------+--------+-----+--------+
         Total |   2569 |   2506 |     63 |    457 |   1554 |   3 |  856.3 |
       Dungeon |   2569 |   2506 |     63 |    457 |   1554 |   3 |  856.3 |
               +--------+--------+--------+--------+--------+-----+--------+

Top non-repeatable levels by time:
     D:1: 1339 daAuts
     D:2: 757 daAuts
     D:3: 472 daAuts
